 Dungeon Crawl Stone Soup version 0.31.0-2-g5a2aebc5c2 (webtiles) character file.

Game seed: 4874644240081347296

1829 SnakkuSnakku7 the Mimic (level 9, -4/54 (64) HPs)
             Began as a Formicid Cinder Acolyte on Jan 20, 2024.
             Was a Priest of Ignis.
             Slain by a wight
             ... wielding a +5 mace
              (11 damage)
             ... on level 6 of the Dungeon.
             The game lasted 00:08:40 (3535 turns).

SnakkuSnakku7 the Mimic (Formicid Cinder Acolyte)   Turns: 3535, Time: 00:08:40

HP:   -4/54 (64)    AC:  8    Str: 23    XL:     9   Next: 32%
MP:   10/10         EV: 10    Int: 14    God:    Ignis [***...]
Gold: 324           SH:  0    Dex:  9    Spells: 10/10 levels left

rFire   + .          .
                       - Unarmed
rCold   . . .        (shield currently unavailable)
rNeg    . . .        B - +0 ring mail
rPois   .            (helmet unavailable)
rElec   .            C - +0 cloak
rCorr   .            A - melded +0 pair of gloves
SInv    +            (no boots)
Will    .....        i - amulet of regeneration Stlth
                     (no ring)
HPRegen 1.09/turn    (no ring)
MPRegen 0.12/turn

%: no passive effects
@: confused, blade hands, ambrosia-drunk, attractive, fiery-armoured, heavily
drained
A: permanent stasis, dig shafts and tunnels, antennae 3, four strong arms
a: Dig, Shaft Self, Begin Untransformation, Renounce Religion, Fiery Armour,
Foxfire Swarm, Rising Flame


You were on level 6 of the Dungeon.
You worshipped Ignis.
Ignis was most pleased with you.
You had blades for hands.
You visited 2 branches of the dungeon, and saw 7 of its levels.

You collected 324 gold pieces.

Inventory:

Hand Weapons
 a - a -1 hand axe of flaming
 t - a +2 heavy hand axe
Armour
 b - a +0 robe
 w - a +0 kite shield
 z - a scarf of resistance
 A - a +0 pair of gloves (melded)
 B - a +0 ring mail (worn)
 C - a +0 cloak (worn)
Jewellery
 d - a ring of ice
 i - an amulet of regeneration (around neck)
Talismans
 m - a dragon-blood talisman
 p - a blade talisman (active)
 D - a talisman of death
Scrolls
 e - 3 scrolls of teleportation {unknown}
 g - 4 scrolls of identify {unknown}
 h - a scroll of amnesia {unknown}
 k - a scroll of acquirement {unknown}
 l - a scroll of poison {unknown}
 o - a scroll of fear {unknown}
 r - a scroll of vulnerability {unknown}
 u - 2 scrolls of immolation {unknown}
 v - a scroll of enchant weapon {unknown}
 y - a scroll of fog {unknown}
 E - a scroll of blinking {unknown}
Potions
 c - 2 potions of curing {unknown}
 f - 2 potions of mutation {unknown}
 j - 2 potions of haste {unknown}
 n - 3 potions of attraction
 s - 3 potions of degeneration {unknown}
 x - a potion of enlightenment {unknown}


   Skills:
 - Level 3.2 Fighting
 - Level 4.3 Axes
 + Level 4.4 Unarmed Combat
 - Level 1.1 Spellcasting
 - Level 3.0 Fire Magic
 - Level 10.0 Shapeshifting


You had 10 spell levels left.
You didn't know any spells.
Your spell library contained the following spells:

 Spells                   Type           Power      Damage    Failure   Level
 Scorch                   Fire           18%        2d5       19%         2
 Sculpt Simulacrum        Ice/Alch       0%         N/A       100%        6
 Ozocubu's Refrigeration  Ice            0%         4d7       100%        7
 Polar Vortex             Ice            0%         N/A       100%        9


Dungeon Overview and Level Annotations

Branches:
Dungeon (6/15)             Temple (1/1) D:5

Altars:
Cheibriados
Makhleb
Okawaru
Qazlal
Vehumet
Wu Jian
Yredelemnul
Zin
The Shining One


Innate Abilities, Weirdness & Mutations

You have blades for hands.
You are incapable of wielding weapons or throwing items.
You cannot be hasted, slowed, berserked, paralysed or teleported.
You can dig through walls and to a lower floor.
You have a pair of large antennae on your head. (SInv)
Your four strong arms can wield two-handed weapons with a shield.


Message History

You see here a hound corpse.
You closely miss the wight. The wight hits you with a +2 scimitar.
You feel drained.
You closely miss the wight. The wight hits you with a +2 scimitar!
You hit the wight but do no damage. The wight closely misses you.
You slash the wight!
The wight is severely damaged.
You hit the wight but do no damage. The wight attacks as it pursues you!
The wight hits you with a +5 mace!
You feel drained.
A wight comes into view. It is wielding a +2 hand axe.
Unknown command.
The wight attacks as it pursues you! The wight closely misses you.
The wight attacks as it pursues you! The wight hits you with a +0 flail!
You feel drained.
A protective cloak of flame settles atop you.
The wight hits you with a +5 mace!
* * * LOW HITPOINT WARNING * * *
You feel drained.
Unknown command.
The wight attacks as it pursues you! The wight hits you with a +0 flail.
* * * LOW HITPOINT WARNING * * *
You feel drained.
* * * LOW HITPOINT WARNING * * *
The wight is burned by your cloak of flames.
The wight is heavily damaged.
Items here: (( )) †.
It was a potion of attraction.
You feel attractive to monsters. The wight hits you with a +5 mace.
* * * LOW HITPOINT WARNING * * *
You feel drained.
* * * LOW HITPOINT WARNING * * *
The wight is burned by your cloak of flames.
The wight is lightly damaged.
The wight closely misses you.
It was a potion of ambrosia.
You are confused.
You feel invigorated. The wight hits you with a +5 mace!
You die...

##..# ###. ##.##
#.... #..##
##..... ##..##
##....... ##..##
##........
##.)##
#.........
##)<###.........
##.##.....[....
#@z)..........
##z...........
##z...........
#{............
##{[...........
##
##..###.........
##..##z.##
###......
##......####
##...
#..........###


You could see 3 wights.

Vanquished Creatures
  Pikel (D:4)
  2 ice beasts (D:5)
  An orc warrior (D:5)
  An ogre (D:4)
  A phantom (D:5)
  A kobold brigand (D:6)
  A bullfrog (D:6)
  A gnoll sergeant (D:5)
  2 bombardier beetles (D:5)
  5 hounds
  An orc priest (D:5)
  A sleepcap (D:4)
  3 iguanas
  6 orc wizards
  5 gnolls (D:5)
  10 adders
  3 shadow imps (D:5)
  4 dart slugs
  3 ribbon worms
  24 orcs
  4 ball pythons
  4 endoplasms
  4 giant cockroaches
  6 goblins
  3 hobgoblins
  7 jackals
  5 quokkas
  3 bats (D:1)
  2 frilled lizards
  10 kobolds
  7 rats
131 creatures vanquished.

Vanquished Creatures (others)
  37 foxfires
37 creatures vanquished.

Grand Total: 168 creatures vanquished

Notes
Turn   | Place    | Note
-------+----------+-------------------------------------------
     0 | D:1      | SnakkuSnakku7 the Formicid Cinder Acolyte began the quest
                  | for the Orb.
     0 | D:1      | Reached XP level 1. HP: 18/18 MP: 2/2
   149 | D:1      | Reached XP level 2. HP: 15/24 MP: 3/3
   310 | D:1      | Reached XP level 3. HP: 24/29 MP: 4/4
   689 | D:2      | Reached skill level 1 in Shapeshifting
   729 | D:2      | Reached XP level 4. HP: 23/35 MP: 5/5
   979 | D:2      | Reached skill level 2 in Shapeshifting
  1012 | D:2      | Found a basalt altar of Yredelemnul.
  1121 | D:3      | Reached XP level 5. HP: 41/41 MP: 6/6
  1208 | D:3      | Reached skill level 3 in Shapeshifting
  1449 | D:3      | Reached skill level 4 in Shapeshifting
  1449 | D:3      | Reached XP level 6. HP: 37/47 MP: 7/7
  1610 | D:4      | Noticed Pikel
  1622 | D:4      | Killed Pikel
  1623 | D:4      | Reached skill level 7 in Shapeshifting
  1623 | D:4      | Reached XP level 7. HP: 52/52 MP: 8/8
  1854 | D:4      | Reached XP level 8. HP: 50/58 MP: 9/9
  2278 | D:5      | Entered Level 5 of the Dungeon
  2417 | D:5      | Reached skill level 8 in Shapeshifting
  2453 | D:5      | Found a staircase to the Ecumenical Temple.
  2460 | Temple   | Entered the Ecumenical Temple
  2594 | D:5      | Reached skill level 9 in Shapeshifting
  3008 | D:5      | Reached skill level 10 in Shapeshifting
  3008 | D:5      | Reached XP level 9. HP: 54/64 MP: 10/10
  3055 | D:5      | Reached skill level 1 in Unarmed Combat
  3534 | D:6      | HP: 2/54 [wight/+5 mace (1)]
  3535 | D:6      | Slain by a wight

Illustrated notes

Levels and vault maps discovered:
D:1:      reono_arrival_mine, layout_rooms
D:2:      layout_basic, basic_altar, due_unseen_surprise
D:3:      layout_basic
D:4:      layout_basic, uniq_pikel
D:5:      layout_gridville, temple_green, hangedman_abyss_or_decor_stabs,
          minmay_pentangle
D:6:      layout_cave_pods, mainiacjoe_overflow_concentric_impassable,
          nicolae_uskayaw_suspiria
Temple:   hellmonk_temple_rainy

Skill      XL: |  1  2  3  4  5  6  7  8  9 |
---------------+----------------------------+-----
Axes           | 4 |  4.3
Shapeshifting  | 1 2 4 7 10 | 10.0
Unarmed Combat | 4 |  4.4
Fighting       | |  3.2
Spellcasting   | |  1.1
Fire Magic     | |  3.0

Action                     |  1- 3 |  4- 6 |  7- 9 || total
---------------------------+-------+-------+-------++-------
  Melee: Hand axe          |   116 |   117 |   212 ||   445
         Punch             |       |       |     2 ||     2
         Unarmed           |       |       |    20 ||    20
 Invoke: Fiery Armour      |       |     1 |     2 ||     3
         Foxfire Swarm     |       |     1 |     1 ||     2
Ability: Dig               |     1 |       |     1 ||     2
    Use: Potion            |       |       |     2 ||     2
 Armour: Robe              |   110 |    83 |       ||   193
         Ring mail         |       |     2 |   257 ||   259
  Dodge: Dodged            |   106 |    52 |   178 ||   336
   Form: Blade             |       |       |     1 ||     1
